[Event "Frauenbundesliga 2024-25"]
[Site "Germany"]
[Date "2025.01.26"]
[Round "4.5"]
[White "Savina, Anastasia"]
[Black "Stangl, Anita"]
[Result "1-0"]
[Annotator "TA"]
[ECO "A84"]
[WhiteElo "2318"]
[BlackElo "2027"]
[PlyCount "51"]
[EventDate "2024.11.06"]
[EventType "team-tourn"]
[EventCountry "GER"]
[SourceTitle "playchess.com"]
[Source "ChessBase"]
[SourceQuality "1"]
[TimeControl "40/5400+30:1800+30"]

1. d4 e6 2. c4 d5 3. Nc3 c6 4. e3 f5 5. Bd3 Nf6 6. f3 Bd6 7. Nge2 Qc7 {[%emt 0:05:48] A84: Dutch Defence: 2 c4 Miscellaneous.} 8. c5 Be7 9. O-O $146 (9. e4 O-O 10. e5 Ne8 11. Be3 b5 12. h4 b4 13. Nb1 Ba6 14. Bg5 Bxd3 15. Qxd3 Bxg5 16. hxg5 {1-0 Khaidorov,V (2281)-Diaz Soro,J (1809) Vilafranca del Penedes op 7th 2013 (6)}) 9... e5 {[%emt 0:02:42] White is slightly better.} 10. dxe5 Qxe5 11. b4 b6 $2 {[%emt 0:02:22] [#]} (11... a5 $11 {and Black stays safe.}) 12. e4 $1 $36 {[%emt 0:12:19][%mdl 2560] White is on the roll.} fxe4 13. Bf4 Qh5 14. fxe4 {[%emt 0:10:38] White sacrificed a pawn} (14. Ng3 $18 Qf7 15. fxe4) 14... bxc5 15. exd5 cxb4 {[%emt 0:08:17] [#]} 16. d6 $1 bxc3 (16... Bd8 $16) 17. dxe7 {[%emt 0:00:23][%cal Od3f5] Bf5! would now be deadly.} Kxe7 $2 (17... Nbd7 {was worth a try.} 18. Bd6 (18. Nxc3 Qc5+ 19. Kh1 Qxc3 $18) 18... Qd5) 18. Rb1 ({Not} 18. Nxc3 Qxd1 (18... Qc5+ 19. Kh1 $11) 19. Raxd1 Be6 $18) 18... Nbd7 $2 {[%emt 0:04:02] [#]} (18... Rd8 19. Bc7 (19. Rxb8 Rxb8 20. Bxb8 Qc5+ 21. Kh1 Ba6 $14) (19. Bxb8 Rxb8 20. Rxb8 Ng4 $16) 19... Rd7) 19. Bf5 $1 {[%emt 0:04:07] This pair of bishops is nice.} Nd5 {[%emt 0:09:33] [#]} (19... Nb6 20. Qd6+) 20. Qe1 $1 {[%emt 0:03:28] Intending Nd4+ and mate.} Kd8 (20... Re8 21. Ng3+) 21. Nd4 Nxf4 22. Rxf4 Nb6 23. Nxc6+ {[%emt 0:01:04] White mates.} Kc7 24. Qe5+ Kb7 25. Na5+ Ka6 26. Qb5# {[%emt 0:00:06] Weighted Error Value: White=0.23 (precise) /Black=1.35  Loses game:     	---       	Black=2      Mistake:       	White=1     	Black=2      Inaccurate:     	White=2     	Black=2      OK:         	White=3     	Black=3      Best:        	White=2     	---        Strong:       	White=1     	---        Brilliant:      	White=1     	---} 1-0

[Event "Frauenbundesliga 2024-25"]
[Site "Germany"]
[Date "2025.01.26"]
[Round "4.5"]
[White "Agrest, Inna"]
[Black "Guichard, Pauline"]
[Result "1/2-1/2"]
[Annotator "TA"]
[ECO "C65"]
[WhiteElo "2159"]
[BlackElo "2357"]
[PlyCount "211"]
[EventDate "2024.11.06"]
[EventType "team-tourn"]
[EventCountry "GER"]
[SourceTitle "playchess.com"]
[Source "ChessBase"]
[SourceQuality "1"]
[TimeControl "40/5400+30:1800+30"]

1. e4 e5 2. Nf3 Nc6 3. Bb5 Nf6 4. d3 Bc5 5. O-O d6 6. c3 O-O 7. Bg5 h6 {[%emt 0:04:58] C65: Ruy Lopez: Berlin Defence (3...Nf6), unusual lines and 4 0-0 Bc5.} 8. Bh4 a6 9. Ba4 Ba7 10. Nbd2 Re8 11. Bxc6 $146 (11. Re1 b5 12. Bb3 Na5 13. Bc2 c5 14. Nf1 Be6 15. Ne3 Rc8 16. h3 Nc6 17. Nh2 {0-1 Ivic,V (2625)-Niemann,H (2637) Junior Speed Qual blitz 2022 (1.16)}) 11... bxc6 12. Nc4 Rb8 13. b4 c5 14. a3 Qe7 15. Bxf6 Qxf6 16. Nfd2 Qg5 17. Kh1 Re6 18. Qe2 Rg6 19. f3 {[%emt 0:00:21] Successful Defense White} h5 20. Rfb1 Be6 21. Nb3 cxb4 22. axb4 h4 (22... d5 $11 23. exd5 Bxd5) 23. Rxa6 $16 Bxc4 24. dxc4 Be3 25. Ra2 Bf4 26. Nd2 ({White should try} 26. Rba1) 26... Re8 27. Nf1 Kh7 28. b5 Ree6 (28... f5 $16 29. Rd1 Rge6) 29. Ra7 $1 $18 Qd8 30. Rba1 Re8 31. R1a2 Qb8 32. Qf2 Bg5 33. R2a6 Rf8 34. Qa2 Qd8 {[%emt 0:02:44] Black is weak on the light squares} 35. Ra8 Qe7 36. Rxf8 Qxf8 37. Qc2 (37. Ra8 $1 $18 Qe7 38. h3) 37... h3 $16 38. g3 Rf6 39. Qe2 Qb8 40. Kg1 $1 g6 41. Ne3 Bxe3+ 42. Qxe3 $18 {[%emt 0:00:04][%mdl 4096] Endgame KQR-KQR. White is a pawn up.} Kg7 43. Kf2 Qb7 (43... Re6 {is a better defense.} 44. Qa7 Qd8) 44. Ke2 Qc8 45. Qg5 Qb7 46. Qe3 Qc8 $1 47. Kf2 $2 (47. Qa7 $18) 47... Qb8 $2 (47... Qb7 $11 {and Black has nothing to worry.}) 48. Qa7 Qc8 49. Ke2 Qh8 $2 (49... Re6 {is a better chance.} 50. Qa8 Qxa8 51. Rxa8 Re7) 50. Rc6 (50. Qxc7 Qh5 51. g4 (51. Rxd6 $2 Qxf3+ 52. Kd2 Qg2+ 53. Kc1 Rf2 $19) 51... Qg5 $11) 50... g5 51. g4 (51. Rxc7 g4 52. fxg4 Kg6 $18) 51... Rf4 52. Rxc7 Qd8 53. Rd7 Qc8 54. Rc7 (54. Rxd6 Qxc4+ 55. Kf2 Qxb5 $11 (55... Qxc3 56. Qe3 $11)) (54. c5 $142) 54... Qd8 $1 55. Qb6 Qa8 56. Ra7 Qc8 57. Ra4 (57. Qxd6 Qxc4+ 58. Qd3 Qb3 $16) 57... Rxe4+ 58. fxe4 Qxg4+ 59. Kd2 (59. Ke1 Qxe4+ 60. Kd2 Qg2+ 61. Kc1 Qh1+ 62. Kb2 Qxh2+ 63. Kb3 Qh1 64. Qxd6 Qb1+ 65. Ka3 Qe1 $16) 59... Qg2+ 60. Kd3 Qxh2 61. Qxd6 Qg3+ 62. Kc2 h2 63. Ra1 Qg2+ 64. Kb3 Qxe4 65. Qc6 (65. Rf1 $142 g4 66. Qf6+ Kh7 67. Qxf7+ Kh6 68. Qf6+ Qg6 69. Qh8+ (69. Qxe5 g3 $18) 69... Qh7 70. Rf6+ (70. Qxe5 Qg6 $18) 70... Kg5 71. Qxh7) 65... Qe3 66. b6 (66. Rf1 $142 Qa7 67. b6 Qe7 68. Qc7 Qe8 69. b7 h1=Q 70. Rxh1 e4 71. b8=Q (71. b8=R Qe6 $18)) 66... Qg1 67. Ka2 Qf2+ 68. Ka3 Qg1 69. Qh1 $2 (69. Rxg1 $18 {and the rest is easy.} hxg1=Q 70. b7 Qc1+ 71. Kb4) 69... Qc5+ $16 70. Kb3 ({White has to play} 70. Ka4 $16 Qxb6 71. Rd1 (71. Qxh2 Qa6+ 72. Kb3 Qxa1 $14)) 70... Qxb6+ $11 71. Kc2 Qf2+ 72. Kb3 Qb6+ 73. Kc2 Qf2+ 74. Kd3 f5 {[%emt 0:01:53] ( -> ...e4+) Wards off Qe4} 75. c5 e4+ $1 (75... Qxc5 $2 76. Qxh2 f4 77. Kc2 $18) 76. Kc4 Qe2+ 77. Kd5 g4 $1 78. Qc1 (78. Qb1 $5 Qd2+ $8 79. Ke6 Qxc3 80. Kxf5 Qf6+ (80... Qxc5+ 81. Kxg4 Qc8+ 82. Kf4 $16) 81. Kxg4 Qf3+ 82. Kh4 Qf4+ 83. Kh3 h1=Q+ 84. Qxh1 Qf5+ 85. Kg3 Qg5+ 86. Kh2 Qf4+ 87. Kh3 $11) 78... e3 79. Qb1 {[%emt 0:00:15][%cal Od5e5] Prevents Qd3+} Qf3+ 80. Ke5 {[%emt 0:00:18] Ra7+ would kill now.} Kg6 {[%emt 0:00:27] Threatens to win with ...e2.} (80... e2 81. Ra7+ Kg6 82. Qb6+) 81. Qb6+ Kh5 82. Qb1 $2 {[%emt 0:00:36][%mdl 8192] [#]} (82. Qe6 $11 {and White is okay.}) 82... Kg5 $2 (82... Kh4 $1 $19 83. Qh1 (83. Qxf5 e2 $17) 83... Kh3) 83. c6 $1 (83. Qd3 Kh4 (83... h1=R 84. Qd8+ Kh5 85. Rxh1+ Qxh1 86. Qh8+ Kg5 87. Qxh1 e2 88. c6) 84. Qd6 (84. Qxf5 e2 $17) 84... e2 $17 (84... h1=B $2 85. Rxh1+ Kg3 86. Ra1 $18)) 83... g3 (83... Qxc6 84. Qxf5+ Kh4 85. Kd4) 84. c7 Qf4+ 85. Ke6 Qc4+ 86. Kd7 $2 (86. Kd6 $11 g2 (86... Qxc3 87. Qa2 $11) 87. Ra5 Qf4+ (87... g1=B 88. Qxf5+ Kh4 89. Qf6+ Kg3 90. Rg5+) 88. Ke6 Qc4+ (88... g1=Q 89. Rxf5+ Kh6 90. Rxf4 $11) (88... Qxc7 89. Qxf5+ Kh6 90. Qh3+ Kg7 91. Rg5+ Kf8 92. Qh8#) 89. Kd6) 86... Qd5+ $19 (86... Qxc3 87. c8=Q (87. c8=B $2 g2 $19) 87... Qg7+ 88. Kd6 Qf6+ 89. Kd5 Qf7+ 90. Qe6 h1=Q+ 91. Qxh1 Qb7+ 92. Kc5) 87. Kc8 g2 88. Kb8 h1=Q (88... h1=R 89. c8=Q Rxb1+ 90. Rxb1 $17) 89. c8=Q {[%emt 0:00:18] Against Qa8+} Qe5+ 90. Ka7 Qe7+ 91. Ka6 Qh6+ 92. Ka5 $2 (92. Qb6 $19 Qxb6+ 93. Kxb6) 92... Qa7+ 93. Kb4 Qd6+ 94. Kc4 Qf7+ 95. Kb5 Qfd5+ 96. Ka4 Qd7+ 97. Qxd7 Qxd7+ 98. Kb4 Qd6+ $2 (98... Qb7+ 99. Kc4 Qxb1 100. Rxb1 f4) 99. Kc4 Kf4 (99... Kg4 $142 100. Qb7 Qf4+ 101. Kb3 (101. Kd3 Qf1+ $17) 101... Kg3 102. Qg7+ (102. Rg1 $2 Qe4 $19) 102... Qg4 103. Qe5+ f4) 100. Qe1 $2 (100. Qb7 {was forced.} Qe6+ (100... Kg3 101. Qg7+ Kf2 102. Ra2+ e2 103. Rxe2+ Kxe2 104. Qxg2+ Ke3 105. Qh3+ Kd2 106. Qxf5 $11) 101. Kd3) 100... Qe6+ 101. Kb4 Qb6+ 102. Ka3 {[%emt 0:00:25] And now Qh4+ would win.} Kf3 (102... Qd6+ $19 {and Black stays clearly on top.} 103. Kb3 Kf3) 103. Qd1+ $17 {[%emt 0:00:52] [#]} Kg3 $1 {[%emt 0:00:22][%mdl 1024] Black has strong compensation.} 104. Qe1+ $1 Kf3 (104... Kh3 $1 $15 {should be considered.} 105. Qe2 Kg3) 105. Qd1+ $11 Kg3 ({Black should play} 105... e2 $11 106. Qd3+ Kf4 107. Qxe2 g1=Q 108. Qc4+ Ke5 109. Rxg1 Qxg1) 106. Qe1+ $1 {[%emt 0:01:10] Never resign too early!   Weighted Error Value: White=0.52/Black=0.59  Loses game:     	White=2     	Black=1      Missed win:     	White=1     	Black=2      Mistake:       	White=4     	Black=6      Inaccurate:     	White=1     	Black=4      OK:         	White=25    	Black=15     Best:        	White=8     	Black=9      Strong:       	White=3     	Black=4} 1/2-1/2

[Event "Frauenbundesliga 2024-25"]
[Site "Germany"]
[Date "2025.01.26"]
[Round "4.5"]
[White "Peglau, Mirjam"]
[Black "Zhou, Lepu Coco"]
[Result "1-0"]
[Annotator "TA"]
[ECO "D27"]
[WhiteElo "1958"]
[BlackElo "2046"]
[PlyCount "75"]
[EventDate "2024.11.06"]
[EventType "team-tourn"]
[EventCountry "GER"]
[SourceTitle "playchess.com"]
[Source "ChessBase"]
[SourceQuality "1"]
[TimeControl "40/5400+30:1800+30"]

1. Nf3 d5 2. d4 e6 3. c4 dxc4 4. Nc3 Nf6 5. e3 a6 6. a4 c5 7. Bxc4 Nbd7 8. O-O Be7 9. dxc5 {D27: Queen's Gambit Accepted: Classical main line: 7 e4!? and 7 a4.} Nxc5 10. Qxd8+ Bxd8 11. b4 {The position is equal.} Nce4 12. Nxe4 Nxe4 13. Bb2 O-O $146 (13... Bf6 14. Bxf6 Nxf6 15. Rfd1 Bd7 16. Ne5 Ke7 17. Nxd7 Nxd7 18. Rac1 Rac8 19. Bb3 b5 {½-½ Yuan,Y (2092)-Zhang,L (2203) China zt 3.5 (Women) 2019 (5)}) 14. Rfd1 Be7 15. Bd3 Nf6 16. b5 Nd5 17. Bc4 ({White should try} 17. e4 $14 Nf6 18. e5) 17... axb5 18. Bxb5 b6 (18... Rd8 $11) 19. Bd4 Bb4 {White leaves nothing to chance now.} (19... Ba6 $14) 20. Bc6 $36 {[%mdl 2048] White is really pushing.} Ra6 21. Rdc1 {Inhibits Nc3.} Ba5 {[#]} 22. Ne5 $1 {White is more active.} Nb4 23. Bb5 f6 $2 (23... Ra8 24. Nc4 Ba6 25. Bxb6 (25. Nxb6 Bxb6 26. Bxb6 Nc2 $18) 25... Bxb6) 24. Bxa6 $18 Bxa6 25. Nc6 Nd3 26. Rcb1 e5 27. Nxa5 bxa5 28. Bb6 Rc8 29. Bxa5 Rc2 30. Be1 e4 31. a5 {White is clearly winning.} Re2 (31... Rc8 $142 32. Rb6 Ra8) 32. Rb6 Bc4 33. Bc3 Nc5 34. Rc6 Nb3 35. Re1 Rc2 36. Rxc4 Nxa5 37. Rc8+ Kf7 38. Rc7+ {Weighted Error Value: White=0.19 (very precise) /Black=0.65  Mistake:       	White=1     	Black=4      Inaccurate:     	White=2     	Black=1      OK:         	White=12    	Black=3      Best:        	White=1     	---} 1-0

[Event "Frauenbundesliga 2024-25"]
[Site "Germany"]
[Date "2025.01.26"]
[Round "4.6"]
[White "Matnadze Bujiashvili, Ann"]
[Black "Zozulia, Anna"]
[Result "1-0"]
[Annotator "TA"]
[ECO "E68"]
[WhiteElo "2315"]
[BlackElo "2233"]
[PlyCount "131"]
[EventDate "2024.11.06"]
[EventType "team-tourn"]
[EventCountry "GER"]
[SourceTitle "playchess.com"]
[Source "ChessBase"]
[SourceQuality "1"]
[TimeControl "40/5400+30:1800+30"]

1. Nf3 g6 2. c4 Bg7 3. Nc3 d6 4. d4 Nf6 5. g3 O-O 6. Bg2 Nbd7 7. O-O e5 8. h3 a6 9. e4 b5 10. cxb5 axb5 11. b4 Bb7 12. Re1 c6 13. dxe5 {[%emt 0:06:56] E68: King's Indian: Fianchetto: 6...Nbd7 7 0-0 e5 8 e4.} dxe5 14. Be3 Qe7 $146 (14... Ra3 15. Qc1 Qa8 16. Nd2 Rc8 17. Qb2 Bf8 18. Bf1 Ne8 19. Ndb1 Ra6 20. a4 Nd6 21. Nd2 Qb8 22. f3 Ba8 23. a5 Bb7 24. Red1 Re8 25. Nb3 Bc8 26. Nc5 {½-½ Hala,B (2234)-Stehno,P (2252) CZE-chT2V 0203 2002 (1)}) 15. Qb3 {[%emt 0:00:55] The position is equal.} Rfe8 16. Red1 Bf8 17. a3 Rad8 18. Nd2 Nb8 19. Qc2 Bc8 20. Bb6 Rd7 21. Bc5 Qd8 22. Be3 Rd6 23. Nb3 Be6 24. Nc5 Rxd1+ 25. Rxd1 Qc8 26. Nxe6 Qxe6 27. Rd3 Be7 28. Qd2 (28. Nb1 $16) 28... Qc8 $11 29. f4 Nbd7 30. f5 Nf8 31. g4 Rd8 32. Bf3 Rxd3 33. Qxd3 Qd8 34. Qc2 N6d7 35. Nd1 {[%emt 0:03:47][%cal Bc3d1,Bd1f2,Bf2g4,Bg4h6,Bh6f5][%mdl 32] White is more active.} Qc7 36. Be2 Qd6 37. Nf2 Bd8 38. g5 Bb6 39. Bxb6 ({Better is} 39. Qc1 $1 $16) 39... Nxb6 $14 40. Ng4 Nfd7 $1 41. Kg2 $36 {[%emt 0:38:30][%mdl 2048] White fights for an advantage.} gxf5 $2 {[%emt 0:08:36] Black is on the road to losing.} (41... Kf8 $14) 42. Nh6+ $18 ({Not} 42. exf5 Nd5 $14) 42... Kf8 43. Nxf5 Qg6 {[%emt 0:02:17] [#]} (43... Qe6 $142 44. h4 Nc4) 44. h4 $1 h6 $2 (44... Qe6 45. h5 Nc4) 45. Nxh6 Nd5 46. Kf2 {[%emt 0:00:00] Prevents Ne3.} Ne7 47. Qd3 Ke8 48. Nf5 Nc8 {[%emt 0:02:41] [#]} 49. Bh5 $1 Qh7 50. Bg4 Ndb6 51. Kg3 Nc4 {[%emt 0:00:37] [#]} 52. Ng7+ $1 Kf8 53. Bf5 (53. Ne6+ $142 fxe6 54. Qd8+ Kf7 55. Qd7+ (55. Qxc8 Qg6 $18) 55... Kf8 56. Qxc8+ (56. Qxh7 Ne3 $18) 56... Kg7 57. Bxe6 (57. Qxc6 Qg8 $18) 57... Nd6 58. Qd7+ (58. Qxc6 Qxe4 59. Qxe4 Nxe4+ 60. Kg4 Nd6 $18) 58... Kh8 59. Qd8+ (59. Qxd6 Qg7 60. Qd8+ Kh7 61. Bf5+ Qg6 62. Bxg6+ Kg7 63. Qf6+ Kg8 64. Qf7+ Kh8 65. Qh7#) 59... Ne8 60. Qxe8+ Kg7 61. Qf7+ (61. Qxc6 Qg6 62. Qc8 Qxe6 63. Qxe6 Kh7 64. g6+ Kh8 65. Qe8+ Kg7 66. Qf7+ Kh8 67. Qh7#) 61... Kh8 62. Qf8+ Qg8 63. Qxg8#) 53... Qh8 {[%emt 0:00:05] [#]} 54. h5 $1 N8d6 55. h6 Ke7 56. Bg4 {[%emt 0:00:36] Hoping for Qf3.} Qd8 57. Qf3 Qb6 58. Qf6+ Kf8 59. Ne6+ Ke8 60. Ng7+ Kf8 {[%emt 0:00:05] and ...Qg1+ should not be overlooked} 61. Ne6+ Ke8 62. Qh8+ Kd7 {[%emt 0:00:16] [#]} 63. Qd8+ $1 Qxd8 64. Nxd8+ Kxd8 65. h7 Nxe4+ 66. Kh2 {[%emt 0:00:18] Weighted Error Value: White=0.61/Black=0.54  Loses game:     	---       	Black=1      Mistake:       	White=2     	Black=2      Inaccurate:     	White=1     	Black=7      OK:         	White=13    	Black=17     Best:        	White=3     	Black=3      Strong:       	White=1     	Black=1} 1-0

[Event "Frauenbundesliga 2024-25"]
[Site "Germany"]
[Date "2025.01.26"]
[Round "4.6"]
[White "Scognamiglio, Stefanie"]
[Black "Peglau, Sarah"]
[Result "1-0"]
[Annotator "TA"]
[ECO "A36"]
[WhiteElo "2084"]
[BlackElo "1870"]
[PlyCount "77"]
[EventDate "2024.11.06"]
[EventType "team-tourn"]
[EventCountry "GER"]
[SourceTitle "playchess.com"]
[Source "ChessBase"]
[SourceQuality "1"]
[TimeControl "40/5400+30:1800+30"]

1. e4 e6 2. d3 c5 3. g3 Nc6 4. Bg2 g6 5. c4 Bg7 6. Ne2 Nge7 7. Nbc3 a6 8. O-O $1 {[%emt 0:00:57] 8.0-0 scores better than 8.Be3.} O-O 9. Be3 Nd4 10. Qd2 {[%emt 0:01:07] A36: Symmetrical English vs ...g6: 4 Bg2 Bg7.} Re8 11. Bh6 Bh8 12. Nxd4 {[%emt 0:00:28] White is slightly better.} cxd4 13. Ne2 Rb8 $146 (13... b5 14. cxb5 axb5 15. Rfc1 Qb6 16. a3 Bb7 17. Qb4 Nc6 18. Qb3 Bf6 19. Bd2 Red8 {0-1 Beller,J-Schork,S (2170) Bad Wildbad op 3rd 2002 (1)}) 14. h4 b5 15. c5 b4 16. h5 Rb5 17. Rac1 Qa5 18. hxg6 hxg6 19. Rc4 Nc6 20. Nc1 Ne5 21. Rxd4 Ng4 {[%emt 0:02:25] [#]} (21... Nf3+ 22. Bxf3 Bxd4 23. Nb3 $16) (21... b3 $14 22. a4 (22. axb3 Nf3+ 23. Bxf3 Bxd4 $15) (22. Nxb3 Qxa2 23. Nc1 Qxb2 $15) 22... Qxd2 23. Bxd2 Rxc5) 22. Rc4 $1 $16 (22. Nb3 Qxa2 23. Nc1 Qa4 $17) 22... Nxh6 23. Qxh6 Bxb2 24. d4 Bxc1 25. Rcxc1 e5 $2 (25... Bb7 $16 {is a better chance.}) 26. d5 $2 (26. f4 $18) 26... Rxc5 $11 27. Bf3 Rxc1 28. Rxc1 Qb6 (28... Qxa2 $2 29. Kg2 $18) 29. Kg2 {[%emt 0:01:15][%mdl 1024] White has compensation.} a5 30. Rh1 Qf6 {[%emt 0:00:14] Dodges Qh8+} 31. d6 Qg7 {[%emt 0:01:27] White must now prevent ...Qxh6. Prevents Qh7+.} 32. Qc1 Qf8 33. Qc7 Ba6 (33... Kg7 $11) 34. Qxd7 $40 {[%emt 0:02:53][%mdl 128] Threatens to win with Qc6. White wants a kill. White is much more active.} ({Don't play} 34. Qxa5 Qxd6 35. Rd1 Qe6 $11 (35... Bd3 36. Qa7 $11)) 34... Rd8 {[%emt 0:01:19] [#]} 35. Qh3 (35. Qg4 $1 $16 ) 35... Qg7 $1 $11 36. Qh4 (36. d7 $11) 36... Rxd6 $2 (36... g5 $15 37. Qh3 Rxd6) 37. Qe7 $18 {[%emt 0:00:07] Qe8+ would kill now.} Re6 38. Qd8+ Qf8 {[%emt 0:00:06] [#]} 39. Rh8+ $3 {[%emt 0:00:05][%mdl 512] Weighted Error Value: White=0.36/Black=0.73  Loses game:     	---       	Black=2      Missed win:     	White=1     	---        Mistake:       	White=2     	Black=2      Inaccurate:     	White=3     	Black=5      OK:         	White=9     	Black=8      Best:        	White=3     	Black=3      Strong:       	White=1     	Black=1} 1-0

[Event "Frauenbundesliga 2024-25"]
[Site "Germany"]
[Date "2025.01.26"]
[Round "4.6"]
[White "Werner, Carolin"]
[Black "Babiy, Olga"]
[Result "0-1"]
[Annotator "TA"]
[ECO "B45"]
[WhiteElo "1971"]
[BlackElo "2299"]
[PlyCount "108"]
[EventDate "2024.11.06"]
[EventType "team-tourn"]
[EventCountry "GER"]
[SourceTitle "playchess.com"]
[Source "ChessBase"]
[SourceQuality "1"]
[TimeControl "40/5400+30:1800+30"]

1. e4 c5 2. Nf3 e6 3. d4 cxd4 4. Nxd4 Nf6 5. Nc3 Nc6 6. Be3 Bb4 7. f3 d5 8. Bb5 Qc7 {[%emt 0:11:40] B45: Sicilian Four Knights.} 9. Qd3 (9. O-O $15 O-O 10. exd5 Bxc3 11. bxc3 Nxd5 (11... exd5 12. Qd2 $14) 12. Qd2) 9... O-O $17 10. Bxc6 bxc6 {[%emt 0:00:09] Black is clearly better.} 11. a3 Bd6 12. exd5 exd5 (12... cxd5 13. Ndb5 Qd7 14. Nxd6 Qxd6 15. O-O-O) 13. O-O-O Nd7 $146 (13... Bxh2 14. Nxc6 Bb7 15. Ne7+ (15. Nxd5 $2 Nxd5 16. Qxd5 Bxc6 $19) (15. Nxa7 Qg3 $16) 15... Qxe7 16. Rxh2 $16) (13... Rb8 14. h4 Re8 15. Bg5 Nh5 16. Rde1 Bd7 17. Rxe8+ Rxe8 18. Nde2 f5 19. g4 Nf4 {0-1 Betko,L-Efler,D (2340) CSR-ch Prague 1992 (3)}) 14. Qd2 {[%emt 0:30:28] [#]} (14. Ncb5 $17 cxb5 15. Nxb5) 14... Nb6 $1 $19 (14... Bxh2 $2 15. f4 $18 (15. Nxc6 d4 $16)) 15. Rhe1 Nc4 (15... Bxh2 16. b3 $17) 16. Ndb5 $2 (16. Qf2 {was the only chance.}) 16... cxb5 17. Nxb5 (17. Nxd5 $142 Nxd2 18. Nxc7 Nb3+ (18... Bxc7 $2 19. Bxd2 Be6 20. h3 $19) 19. cxb3 Bxc7 20. Bc5) 17... Nxd2 (17... Qb8 $142 18. Qxd5 Nxe3 (18... Bxh2 19. Qxc4 Bf5 20. Nc3 $16) 19. Rxe3 Bf4 (19... Bxh2 $2 20. Kb1 $19)) 18. Nxc7 Bxc7 19. Rxd2 Be6 20. g3 Rfc8 21. Bd4 Bb6 22. Re3 Rc4 23. Bxb6 axb6 24. Rb3 Rc6 25. Rb4 Rac8 26. Kd1 Kf8 27. c3 Ke7 28. Ke2 Kd6 29. c4 Rxc4 30. Rxb6+ R8c6 31. Rb5 Rc2 32. a4 R6c5 33. Rb6+ Kc7 34. Rb4 R5c4 35. Rxc2 Rxc2+ {[%emt 0:00:04][%mdl 4096] Endgame KRB-KR} 36. Kd3 Rxh2 37. a5 Bc8 38. Rb6 Rh6 39. Rxh6 (39. Rb3 $142) 39... gxh6 {[%emt 0:00:06] KB-KP} 40. Kd4 Kd6 {[%emt 0:00:14] [#] White must now prevent ...Bb7.} 41. f4 Ba6 {[%emt 0:05:03] ( -> ...h5)} 42. b3 Bf1 (42... h5 $142 43. b4 Kc6 44. Ke5 Bb7 45. Kd4 Kb5 46. f5 f6 (46... Kxb4 $2 47. a6 $19) 47. Kc3 Ba8 48. Kd4 Kxb4 49. a6 Kb5 50. a7 Kb4 (50... Kb6 $2 51. Ke3 $19) 51. Kd3 Kc5 52. Ke3 Kc4 (52... Kb6 $2 53. Kf4 $19) 53. Kf2 d4 54. Ke1 Kc3 55. g4 hxg4 56. Kf2 d3 57. Kg3 d2 58. Kh4 d1=Q (58... d1=R {gets mated.} 59. Kg3 h5 60. Kh4 Rh1+ 61. Kg3 Rh3+ 62. Kf2 Kd3 63. Kf1 Ke3 64. Kg1 Rh1#) 59. Kh5 Qh1+ 60. Kxg4 Qg2+ 61. Kh4 Qh2+ 62. Kg4 h5#) 43. b4 h5 {[%emt 0:03:13] Black mates.} 44. Ke3 Kc6 45. Kd4 Bc4 46. Ke5 Kb5 47. Kd4 Kxb4 48. a6 Bxa6 49. Kxd5 {[%emt 0:00:09] KB-KPP} Kc3 50. Ke5 Kd3 51. Kf6 Bc4 52. Kg5 Ke4 53. Kxh5 Kf3 54. Kh4 Be6 {[%emt 0:00:12] Black took control after the opening.   Weighted Error Value: White=1.03/Black=0.59  Mistake:       	White=5     	Black=1      Inaccurate:     	White=1     	---        OK:         	White=12    	Black=14} 0-1

[Event "Frauenbundesliga 2024-25"]
[Site "Germany"]
[Date "2025.01.26"]
[Round "4.7"]
[White "Tsolakidou, Stavroula"]
[Black "Paehtz, Elisabeth"]
[Result "1/2-1/2"]
[Annotator "TA"]
[ECO "B33"]
[WhiteElo "2451"]
[BlackElo "2428"]
[PlyCount "64"]
[EventDate "2024.11.06"]
[EventType "team-tourn"]
[EventCountry "GER"]
[SourceTitle "playchess.com"]
[Source "ChessBase"]
[SourceQuality "1"]
[TimeControl "40/5400+30:1800+30"]

1. e4 c5 2. Nf3 Nc6 3. d4 cxd4 4. Nxd4 Nf6 5. Nc3 e5 6. Ndb5 d6 7. Nd5 Nxd5 8. exd5 Nb8 9. a4 Be7 10. Be2 O-O 11. O-O {[%emt 0:06:38] B33: Sicilian: Pelikan and Sveshnikov Variations.} Nd7 12. Bd2 {[%emt 0:05:46] Recently 12.b4 got a lot of attention.} a6 13. Na3 f5 14. a5 f4 15. Bb4 Rf6 16. Nc4 Rh6 17. Ra3 $146 (17. Re1 Bf8 18. Ra3 Qg5 19. Bf1 Nf6 20. Bxd6 e4 21. Bxf8 Bg4 22. Qd4 Rxf8 23. Rxe4 Nxe4 24. Qxe4 {½-½ Lecroq,M (2568)-Edwards,J (2525) W-ch32 final email 2020}) 17... Bf8 18. Bg4 {[%emt 0:15:35] [#]} Nf6 19. Be6+ Bxe6 20. dxe6 Qe8 $1 21. e7 Qxe7 22. Bxd6 Qe6 23. Bxf8 $1 Rxf8 24. Qe2 e4 {[%emt 0:00:47] Black has a king side majority} 25. Rd1 Rg6 {[%emt 0:07:50] [#] ...f3 would now be deadly.} 26. f3 {[%emt 0:01:14] The position is equal.} Qf5 27. Nd6 Qc5+ 28. Kh1 exf3 $1 29. Rxf3 {[%emt 0:00:25] and Qe6+ would now be decisive} Ng4 30. Qc4+ Qxc4 31. Nxc4 Re6 32. h3 Ne3 {[%emt 0:04:32] Weighted Error Value: White=0.05 (flawless) /Black=0.04 (flawless)   Inaccurate:     	White=1     	Black=1      OK:         	White=10    	Black=9      Best:        	White=2     	Black=4      Strong:       	White=1     	Black=2} 1/2-1/2